AoeStats
← 海峡

Golden Pit

507908259Analyzed
1v1 RM · 13d ago on Sep 20, 2026· 38m 50s· 2 players
Game mode
Random Map
Map size
Tiny (2 player)
Population
200
Speed
Normal
Resources
Standard
Victory
Conquest
Starting age
Dark Age
Ending age
Imperial Age
RankedLock teamsTeams togetherTeam positionsShared explorationLock speedFull tech treeHidden civsTurbo modeCheats
Victory
Defeat
🇮🇳 Romans · India
1574
+21
🇨🇳 Inca · China
1679
-21
Justin Credible
6:47 Loom
9:19 Feudal Age
9:46 Double-Bit Axe
10:06 Man-at-Arms
13:13 Scale Mail Armor
13:17 Horse Collar
19:24 Forging
24:35 Wheelbarrow
27:06 Castle Age
25:05 Gold Mining
27:19 Long Swordsman
27:59 Squires
28:18 Chain Mail Armor
32:10 Iron Casting
海峡
8:48 Feudal Age
8:47 Loom
8:57 Champi Runner
9:26 Double-Bit Axe
12:00 Horse Collar
14:54 Forging
15:22 Scale Mail Armor
18:27 Gold Mining
23:35 Castle Age
25:11 Gold Shaft Mining
24:04 Champi Warrior
31:12 Heavy Plow
33:28 Iron Casting
34:25 Squires
36:45 Arson
Connection lost

Rejoining the realm…

Still unreachable

The connection could not be restored.

Session expired

The server has moved on; the page needs a fresh start.